NYP
STATEN ISLAND YANKEES @ HUDSON VALLEY RENEGADES
04/05/2044
 
TOP OF THE 1ST
Staten Island Yankees batting - Pitching for Hudson Valley Renegades : RHP Pablo Maravilla
Pitching: RHP Pablo Maravilla
Batting: RHB Luwen Storm 0-0: Called Strike
0-1: Ball
1-1: Ball
2-1: Ball
3-1: Foul Ball, location: 2F
3-2: Foul Ball, location: 2F
3-2: SINGLE (Line Drive, 8RS, EV 101.2 MPH)
Batting: RHB Steve Martin Pickoff Throw to First - Out! 1-3
0-0: Ball
1-0: Swinging Strike
1-1: Foul Ball, location: 2F
1-2: Strikes out swinging
Batting: LHB Roald Jacobs 0-0: Ball
1-0: Ground out 2-3 (Groundball, 2L, EV 75.0 MPH)
Top of the 1st over - 0 runs, 1 hit, 0 errors, 0 left on base; Staten Island 0 - Hudson Valley 0
BOTTOM OF THE 1ST
Hudson Valley Renegades batting - Pitching for Staten Island Yankees : RHP Bruhier bin Yusuf
Pitching: RHP Bruhier bin Yusuf
Batting: LHB Dan Hunt 0-0: Called Strike
0-1: Foul Ball, location: 2F
0-2: SINGLE (Line Drive, 56, EV 96.9 MPH)
Batting: RHB Jesse Haddad 0-0: SINGLE (Line Drive, 6MD, EV 106.2 MPH)
Dan Hunt to second
Dan Hunt to third
Batting: SHB Suljo Dokic 0-0: Ball
1-0: Called Strike
1-1: Foul Ball, location: 2F
1-2: Strikes out swinging
Batting: LHB Isaac Bamberg 0-0: Ball
1-0: Swinging Strike
1-1: Foul Ball, location: 2F
1-2: Ball
Wild Pitch!
Dan Hunt scores
Jesse Haddad to second
2-2: Ground out U3 (Groundball, 3, EV 103.8 MPH)
Jesse Haddad to third
Batting: RHB Eddie Zamora 0-0: Ground out 5-3 (Groundball, 56S, EV 86.9 MPH)
Bottom of the 1st over - 1 run, 2 hits, 0 errors, 1 left on base; Staten Island 0 - Hudson Valley 1
TOP OF THE 2ND
Staten Island Yankees batting - Pitching for Hudson Valley Renegades : RHP Pablo Maravilla
Batting: RHB Andres Valles 0-0: Ball
1-0: Ground out 6-3 (Groundball, 6MS, EV 81.9 MPH)
Batting: LHB Tatsuo Yasui 0-0: Swinging Strike
0-1: Ball
1-1: Ball
2-1: TRIPLE (Flyball, 89XD, EV 95.0 MPH)
Batting: SHB Reagan Dudley 0-0: Ball
1-0: Swinging Strike
1-1: Ball
2-1: Swinging Strike
2-2: Foul Ball, location: 2F
2-2: SINGLE (Groundball, 34S, EV 67.5 MPH) (infield hit)
Tatsuo Yasui scores
Batting: LHB Mario Hurtado 0-0: Called Strike
0-1: Fly out, F9 (Flyball, 9, EV 83.1 MPH)
Batting: RHB Chris Diaz 0-0: Ball
Reagan Dudley steals 2nd base
1-0: Ball
Passed Ball!
Reagan Dudley to third
2-0: Called Strike
2-1: Ball
3-1: Foul Ball, location: 2F
3-2: Foul Ball, location: 2F
3-2: Ground out 6-3 (Groundball, 4M, EV 79.4 MPH)
Top of the 2nd over - 1 run, 2 hits, 0 errors, 1 left on base; Staten Island 1 - Hudson Valley 1
BOTTOM OF THE 2ND
Hudson Valley Renegades batting - Pitching for Staten Island Yankees : RHP Bruhier bin Yusuf
Batting: RHB Freddy Mullen 0-0: Ball
1-0: Foul Ball, location: 2F
1-1: Foul Ball, location: 2F
1-2: Ball
2-2: Fly out, F3 (Popup, 3F, EV 57.5 MPH)
Batting: RHB Orlando Herrera 0-0: Ball
1-0: Ball
2-0: Called Strike
2-1: Swinging Strike
2-2: Foul Ball, location: 2F
2-2: Ball
3-2: Strikes out swinging
Batting: RHB Khalil Walker 0-0: Called Strike
0-1: Called Strike
0-2: Ball
1-2: Ball
2-2: Strikes out swinging
Bottom of the 2nd over - 0 runs, 0 hits, 0 errors, 0 left on base; Staten Island 1 - Hudson Valley 1
TOP OF THE 3RD
Staten Island Yankees batting - Pitching for Hudson Valley Renegades : RHP Pablo Maravilla
Batting: RHB Chris Yancey 0-0: Foul Ball, location: 2F
0-1: Ball
1-1: Bunt for hit to 13S - play at first, batter safe!
Batting: RHB Luwen Storm 0-0: Swinging Strike
0-1: Foul Ball, location: 2F
0-2: Ball
1-2: Ball
2-2: Foul Ball, location: 2F
2-2: Foul Ball, location: 2F
2-2: Grounds into double play, 4-6-3 (Groundball, 4, EV 88.8 MPH)
Batting: RHB Steve Martin 0-0: Ball
1-0: Called Strike
1-1: Ball
2-1: Swinging Strike
2-2: Foul Ball, location: 2F
2-2: Foul Ball, location: 2F
2-2: Strikes out looking
Top of the 3rd over - 0 runs, 1 hit, 0 errors, 0 left on base; Staten Island 1 - Hudson Valley 1
BOTTOM OF THE 3RD
Hudson Valley Renegades batting - Pitching for Staten Island Yankees : RHP Bruhier bin Yusuf
Batting: SHB Tirta Subandrio 0-0: Called Strike
0-1: Ball
1-1: Swinging Strike
1-2: Strikes out swinging
Batting: LHB Dan Hunt 0-0: Ball
1-0: Ball
2-0: Foul Ball, location: 2F
2-1: Ball
3-1: Foul Ball, location: 2F
3-2: Base on Balls
Batting: RHB Jesse Haddad 0-0: Called Strike
0-1: Called Strike
Dan Hunt steals 2nd base (no throw)
0-2: SINGLE (Line Drive, 34D, EV 95.6 MPH)
Dan Hunt to third
Runner from 3rd tries for Home, throw by RF and OUT! 9-2
Batting: SHB Suljo Dokic 0-0: Ball
1-0: Ground out U3 (Groundball, 3S, EV 81.9 MPH)
Bottom of the 3rd over - 0 runs, 1 hit, 0 errors, 1 left on base; Staten Island 1 - Hudson Valley 1
TOP OF THE 4TH
Staten Island Yankees batting - Pitching for Hudson Valley Renegades : RHP Pablo Maravilla
Batting: LHB Roald Jacobs 0-0: Foul Ball, location: 2F
0-1: Fly out, F9 (Flyball, 9, EV 88.8 MPH)
Batting: RHB Andres Valles 0-0: Called Strike
0-1: Ball
1-1: Ball
2-1: Ball
3-1: Base on Balls
Batting: LHB Tatsuo Yasui 0-0: Called Strike
0-1: Called Strike
0-2: Ball
1-2: Ball
Wild Pitch!
Andres Valles to second
2-2: Strikes out looking
Batting: SHB Reagan Dudley 0-0: Ground out 4-3 (Groundball, 13, EV 84.4 MPH)
Top of the 4th over - 0 runs, 0 hits, 0 errors, 1 left on base; Staten Island 1 - Hudson Valley 1
BOTTOM OF THE 4TH
Hudson Valley Renegades batting - Pitching for Staten Island Yankees : RHP Bruhier bin Yusuf
Batting: LHB Isaac Bamberg 0-0: Ball
1-0: Ground out 4-3 (Groundball, 4, EV 103.1 MPH)
Batting: RHB Eddie Zamora 0-0: Ball
1-0: Ball
2-0: Called Strike
2-1: DOUBLE (Flyball, 78D, EV 95.6 MPH)
Batting: RHB Freddy Mullen 0-0: Ball
1-0: Ball
2-0: DOUBLE (Line Drive, 7LM, EV 103.8 MPH)
Eddie Zamora scores
Batting: RHB Orlando Herrera 0-0: Ball
1-0: Ball
Passed Ball!
Freddy Mullen to third
2-0: Called Strike
2-1: Ball
3-1: Foul Ball, location: 2F
3-2: Base on Balls
Batting: RHB Khalil Walker 0-0: Called Strike
0-1: Ball
1-1: Called Strike
1-2: Foul Ball, location: 2F
1-2: Fly out, F9 (Flyball, 89S, EV 89.4 MPH)
Batting: SHB Tirta Subandrio 0-0: Ball
1-0: Swinging Strike
1-1: Ball
2-1: Ball
3-1: Base on Balls
Orlando Herrera to second
Batting: LHB Dan Hunt 0-0: Ball
1-0: Foul Ball, location: 2F
1-1: Ball
2-1: Ball
3-1: Foul Ball, location: 2F
3-2: DOUBLE (Line Drive, 9LS, EV 93.1 MPH)
Freddy Mullen scores
Orlando Herrera scores
Tirta Subandrio to third
Tirta Subandrio scores
Pitching: RHP Dave Valentin
Batting: RHB Jesse Haddad 0-0: Ground out 1-3 (Groundball, 13S, EV 69.4 MPH)
Bottom of the 4th over - 4 runs, 3 hits, 0 errors, 1 left on base; Staten Island 1 - Hudson Valley 5
TOP OF THE 5TH
Staten Island Yankees batting - Pitching for Hudson Valley Renegades : RHP Pablo Maravilla
Batting: LHB Mario Hurtado 0-0: Called Strike
0-1: Foul Ball, location: 2F
0-2: Foul Ball, location: 2F
0-2: Strikes out swinging
Batting: RHB Chris Diaz 0-0: Ball
1-0: Called Strike
1-1: Called Strike
1-2: Strikes out swinging
Batting: RHB Chris Yancey 0-0: Swinging Strike
0-1: Ball
1-1: Swinging Strike
1-2: Ball
2-2: Ball
3-2: Strikes out swinging
Top of the 5th over - 0 runs, 0 hits, 0 errors, 0 left on base; Staten Island 1 - Hudson Valley 5
BOTTOM OF THE 5TH
Hudson Valley Renegades batting - Pitching for Staten Island Yankees : RHP Dave Valentin
Batting: SHB Suljo Dokic 0-0: Called Strike
0-1: Swinging Strike
0-2: Ball
1-2: Ball
2-2: Foul Ball, location: 2F
2-2: Strikes out swinging
Batting: LHB Isaac Bamberg 0-0: SOLO HOME RUN (Flyball, 9D, EV 98.8 MPH), Distance : 399 ft
Batting: RHB Eddie Zamora 0-0: Ball
1-0: Called Strike
1-1: Swinging Strike
1-2: Strikes out swinging
Batting: RHB Freddy Mullen 0-0: Ground out 5-3 (Groundball, 56, EV 81.9 MPH)
Bottom of the 5th over - 1 run, 1 hit, 0 errors, 0 left on base; Staten Island 1 - Hudson Valley 6
TOP OF THE 6TH
Staten Island Yankees batting - Pitching for Hudson Valley Renegades : RHP Pablo Maravilla
Batting: RHB Luwen Storm 0-0: Swinging Strike
0-1: Swinging Strike
0-2: Strikes out swinging, 2-3 out at first.
Batting: RHB Steve Martin 0-0: Called Strike
0-1: Foul Ball, location: 2F
0-2: Ball
1-2: Strikes out swinging
Batting: LHB Roald Jacobs 0-0: Ball
1-0: SINGLE (Line Drive, 56, EV 106.9 MPH)
Batting: RHB Andres Valles 0-0: Ball
1-0: Ball
Roald Jacobs steals 2nd base (no throw)
2-0: Ball
3-0: Called Strike
3-1: Base on Balls
Pitching: RHP Juan Estrella
Batting: LHB Tatsuo Yasui 0-0: Ball
1-0: Fielders Choice at 2nd, 6-4 (Groundball, 4M, EV 98.8 MPH)
Top of the 6th over - 0 runs, 1 hit, 0 errors, 2 left on base; Staten Island 1 - Hudson Valley 6
BOTTOM OF THE 6TH
Hudson Valley Renegades batting - Pitching for Staten Island Yankees : RHP Dave Valentin
Batting: RHB Orlando Herrera 0-0: Ball
1-0: Ball
2-0: Called Strike
2-1: Called Strike
2-2: Ball
3-2: Foul Ball, location: 2F
3-2: Foul Ball, location: 2F
3-2: SINGLE (Groundball, 4MD, EV 100.6 MPH)
Batting: RHB Khalil Walker 0-0: Called Strike
Orlando Herrera steals 2nd base
0-1: Ball
1-1: Fly out, F5 (Flyball, 56D, EV 83.1 MPH)
Batting: SHB Tirta Subandrio 0-0: Ball
1-0: SINGLE (Line Drive, 34, EV 110.6 MPH)
Orlando Herrera to third
Batting: LHB Dan Hunt 0-0: Foul Ball, location: 2F
0-1: Ball
1-1: Foul Ball, location: 2F
1-2: Ball
2-2: SINGLE (Groundball, 23, EV 66.9 MPH) (infield hit)
Tirta Subandrio to second
Batting: RHB Jesse Haddad 0-0: Foul Ball, location: 2F
0-1: Swinging Strike
0-2: Hit by Pitch
Orlando Herrera scores
Tirta Subandrio to third
Dan Hunt to second
Batting: SHB Suljo Dokic 0-0: Ball
1-0: DOUBLE (Flyball, 8RXD, EV 108.1 MPH)
Tirta Subandrio scores
Dan Hunt scores
Jesse Haddad to third
Runner from 3rd tries for Home, SAFE, no throw by CF
Pitching: RHP Enrique Fuentes
Batting: LHB Isaac Bamberg 0-0: Called Strike
0-1: Ground out 6-3 (Groundball, 6, EV 76.2 MPH)
Batting: RHB Eddie Zamora 0-0: Called Strike
0-1: Swinging Strike
0-2: Ball
1-2: Fly out, F8 (Flyball, 8LD, EV 97.5 MPH)
Bottom of the 6th over - 4 runs, 4 hits, 0 errors, 1 left on base; Staten Island 1 - Hudson Valley 10
TOP OF THE 7TH
Staten Island Yankees batting - Pitching for Hudson Valley Renegades : RHP Juan Estrella
Pinch Hitting: RHB Bobby Arteaga 0-0: Called Strike
0-1: Ball
1-1: Ground out 6-3 (Groundball, 6, EV 100.6 MPH)
Batting: LHB Mario Hurtado 0-0: Ball
1-0: Called Strike
1-1: Ball
2-1: Ball
3-1: Called Strike
3-2: Foul Ball, location: 2F
3-2: Base on Balls
Batting: RHB Chris Diaz 0-0: Ball
Mario Hurtado steals 2nd base (no throw)
1-0: Ball
2-0: Called Strike
2-1: SINGLE (Groundball, 6MD, EV 94.4 MPH)
Mario Hurtado to third
Batting: RHB Chris Yancey 0-0: Called Strike
0-1: Fly out, F8 (Flyball, 8RM, EV 85.0 MPH)
Runner from 3rd tags up, SCORES, no throw by CF
Batting: RHB Luwen Storm 0-0: Ball
1-0: Ball
2-0: Ball
3-0: Called Strike
3-1: SINGLE (Line Drive, 3D, EV 106.2 MPH)
Chris Diaz to second
Batting: RHB Steve Martin 0-0: Ball
1-0: Called Strike
1-1: Fly out, F8 (Flyball, 8RD, EV 86.2 MPH)
Top of the 7th over - 1 run, 2 hits, 0 errors, 2 left on base; Staten Island 2 - Hudson Valley 10
BOTTOM OF THE 7TH
Hudson Valley Renegades batting - Pitching for Staten Island Yankees : RHP Enrique Fuentes
Now at SS: Bobby Arteaga
Batting: RHB Freddy Mullen 0-0: Foul Ball, location: 2F
0-1: Foul Ball, location: 2F
0-2: Strikes out looking
Batting: RHB Orlando Herrera 0-0: Swinging Strike
0-1: Foul Ball, location: 2F
0-2: Foul Ball, location: 2F
0-2: Ground out 1-3 (Groundball, 15S, EV 73.1 MPH)
Batting: RHB Khalil Walker 0-0: Ball
1-0: Called Strike
1-1: Called Strike
1-2: Strikes out swinging
Bottom of the 7th over - 0 runs, 0 hits, 0 errors, 0 left on base; Staten Island 2 - Hudson Valley 10
TOP OF THE 8TH
Staten Island Yankees batting - Pitching for Hudson Valley Renegades : RHP Juan Estrella
Pinch Hitting: LHB Carlos del Cueto 0-0: Ball
1-0: Foul Ball, location: 2F
1-1: Ball
2-1: Ball
3-1: Base on Balls
Batting: RHB Andres Valles 0-0: Ball
1-0: Foul Ball, location: 2F
1-1: Foul Ball, location: 2F
1-2: Ball
2-2: Strikes out swinging
Pinch Hitting: LHB Ben Roth 0-0: Called Strike
0-1: Foul Ball, location: 2F
0-2: Grounds into double play, 5-4-3 (Groundball, 56, EV 112.5 MPH)
Top of the 8th over - 0 runs, 0 hits, 0 errors, 0 left on base; Staten Island 2 - Hudson Valley 10
BOTTOM OF THE 8TH
Hudson Valley Renegades batting - Pitching for Staten Island Yankees : RHP Enrique Fuentes
Now at 1B: Ben Roth
Now in RF: Carlos del Cueto
Batting: SHB Tirta Subandrio 0-0: Called Strike
0-1: Swinging Strike
0-2: Strikes out swinging
Pinch Hitting: RHB Jesus Baires 0-0: Ball
1-0: Foul Ball, location: 2F
1-1: Ground out 6-3 (Groundball, 6, EV 87.5 MPH)
Batting: RHB Jesse Haddad 0-0: Ball
1-0: Ground out 5-3 (Groundball, 56S, EV 83.1 MPH)
Bottom of the 8th over - 0 runs, 0 hits, 0 errors, 0 left on base; Staten Island 2 - Hudson Valley 10
TOP OF THE 9TH
Staten Island Yankees batting - Pitching for Hudson Valley Renegades : RHP Juan Estrella
Now in CF: Jesus Baires
Batting: RHB Bobby Arteaga 0-0: Ball
1-0: Fly out, F7 (Flyball, 7LS, EV 85.6 MPH)
Batting: LHB Mario Hurtado 0-0: Called Strike
0-1: Ground out 6-3 (Groundball, 6, EV 83.1 MPH)
Batting: RHB Chris Diaz 0-0: Fly out, F9 (Line Drive, 8RM, EV 90.0 MPH)
Top of the 9th over - 0 runs, 0 hits, 0 errors, 0 left on base; Staten Island 2 - Hudson Valley 10
Thursday, March 31st , 2022 - OOTP Baseball 22.12 Build 89